Map: Triton LE

Players

Ratl - Winner!

  • Race: Protoss Protoss
  • League: Bronze
  • Spawn Location: 11:00

VOD

Have the link to the VOD?

Description

Time

  • Played on: Jan. 7, 2020, 5:52 p.m.
  • Length: 21:01
Show
View Real Time Build Order
Export as new Build Order

Ratl Protoss - Winner!

Build Orders:  

Get SALT Encoding   

  12  0:07  Probe (Chrono Boost)  
  13  0:24  Probe (Chrono Boost)  
  14  0:31  Pylon  
  15  0:41  Probe (Chrono Boost)  
  15  0:59  Probe (Chrono Boost)  
  16  1:04  Gateway  
  16  1:12  Probe (Chrono Boost)  
  16  1:16  Assimilator  
  17  1:24  Probe (Chrono Boost)  
  17  1:27  Pylon  
  18  1:35  Assimilator  
  18  1:48  Gateway  
  18  1:57  Probe (Chrono Boost)  
  19  2:14  Probe (Chrono Boost)  
  19  2:19  Cybernetics Core  
  21  2:30  Probe (Chrono Boost)  
  21  2:47  Probe (Chrono Boost)  
  22  2:53  Pylon  
  22  3:04  Probe (Chrono Boost)  
  23  3:15  Stalker x2  
  28  3:21  Probe (Chrono Boost)  
  28  3:38  Probe (Chrono Boost)  
  29  3:52  Nexus  
  30  4:01  Probe (Chrono Boost)  
  30  4:18  Probe (Chrono Boost)  
  31  4:27  Robotics Facility  
  31  4:32  Gateway  
  31  4:38  Warp Gate  
  30  4:45  Pylon  
  30  5:01  Stalker  
  30  5:02  Stalker  
  35  5:11  Probe (Chrono Boost)  
  35  5:28  Probe (Chrono Boost)  
  36  5:33  Assimilator  
  36  5:36  Assimilator  
  36  5:38  Observer  
  37  5:59  Robotics Bay  
  37  6:11  Pylon  
  37  6:14  Gateway  
  37  6:17  Gateway  
  38  6:21  Probe (Chrono Boost)  
  38  6:22  Probe (Chrono Boost)  
  38  6:27  Observer  
  40  6:32  Stalker x2  
  40  6:38  Probe (Chrono Boost)  
  40  6:39  Probe (Chrono Boost)  
  46  7:20  Stalker x2  
  46  7:21  Probe (Chrono Boost)  
  46  7:25  Probe (Chrono Boost)  
  52  7:32  Probe (Chrono Boost)  
  53  7:42  Probe (Chrono Boost)  
  53  7:45  Probe (Chrono Boost)  
  55  7:59  Probe (Chrono Boost)  
  56  8:02  Probe (Chrono Boost)  
  57  8:14  Gateway  
  57  8:15  Gateway  
  57  8:16  Probe (Chrono Boost)  
  57  8:18  Gateway  
  58  8:20  Pylon  
  58  8:23  Forge  
  58  8:27  Forge  
  58  8:32  Twilight Council  
  58  8:42  Twilight Council  
  58  8:46  Stargate  
  58  8:52  Stargate  
  58  8:55  Pylon x2  
  58  9:07  Immortal  
  62  9:11  Stalker  
  62  9:12  Stalker  
  66  9:39  Probe x2 (Chrono Boost)  
  68  9:53  Protoss Ground Weapons Level 1 (Chrono Boost)  
  68  9:55  Probe  
  69  10:07  Protoss Ground Armor Level 1 (Chrono Boost)  
  69  10:12  Probe  
  69  10:16  Probe  
  71  10:27  Stalker x2  
  71  10:28  Stalker  
  71  10:29  Probe, Stalker  
  80  10:30  Stalker x2  
  83  10:41  Immortal  
  87  11:03  Assimilator  
  87  11:06  Assimilator  
  87  11:09  Nexus  
  87  11:11  Pylon  
  87  11:14  Pylon  
  87  11:19  Pylon  
  87  11:36  Warp Prism  
  89  11:42  Stalker x3  
  89  11:43  Stalker  
  89  11:44  Stalker x2  
  101  11:54  Templar Archives  
  101  12:05  Probe x2  
  103  12:22  Probe x2  
  105  12:35  Protoss Ground Weapons Level 2 (Chrono Boost)  
  105  12:39  Probe  
  110  12:50  Protoss Ground Armor Level 2 (Chrono Boost)  
  110  13:03  Immortal  
  110  13:15  Stalker  
  110  13:16  Stalker x4  
  120  13:35  Robotics Facility  
  96  13:55  Stalker x2  
  96  13:56  Stalker  
  88  14:08  Stalker x2  
  90  14:27  Probe (Chrono Boost)  
  93  14:30  Probe (Chrono Boost)  
  93  14:31  Probe (Chrono Boost)  
  93  14:35  Colossus  
  93  14:40  Probe (Chrono Boost)  
  93  14:48  Probe (Chrono Boost)  
  93  14:49  Probe (Chrono Boost)  
  102  15:05  Probe (Chrono Boost)  
  102  15:06  Probe (Chrono Boost)  
  104  15:16  Colossus  
  106  16:10  Observer  
  107  16:20  Stalker x4  
  107  16:21  Stalker x2  
  107  16:22  Stalker x2  
  115  16:31  Observer  
  114  16:40  Warp Prism  
  116  17:01  Immortal  
  120  17:12  Pylon  
  120  17:20  Pylon  
  120  17:29  Nexus  
  119  17:30  Colossus  
  119  17:33  Assimilator  
  125  17:40  Assimilator  
  125  17:45  Pylon  
  125  17:48  Pylon  
  125  17:50  Pylon  
  125  17:53  Pylon, Stalker  
  125  17:54  Stalker x2  
  125  17:55  Stalker x2  
  125  17:56  Colossus  
  125  17:58  High Templar x2  
  143  18:33  Psionic Storm  
  143  18:45  Immortal  
  147  18:57  Void Ray x2  
  155  19:01  Nexus  
  155  19:04  Assimilator  
  155  19:05  Stalker x2  
  159  19:10  Assimilator  
  159  19:11  Warp Prism  
  159  19:14  Pylon  
  159  19:17  Pylon  
  159  19:21  Pylon  
  159  19:24  Pylon  
  159  19:25  Stalker  
  159  19:26  Stalker  
  159  19:27  Stalker x2  
  165  19:40  Immortal  
  165  19:48  High Templar  
  171  19:50  High Templar  
  171  19:54  Stalker  
  171  19:57  Void Ray x2  
  183  20:01  Immortal  
Tags
 
League
Bronze
Matchup
Co-op
Add a new tag
Caveats
  • Supply blocks, unpowered buildings, or Contaminate may cause inaccurate times.
  • Supply counts are checked every 10 seconds.